 Dungeon Crawl Stone Soup version 0.19-a0-1365-gb34f4cb (webtiles) character file.

58 esc the Shooter (level 3, -1/30 HPs)
             Began as a Centaur Hunter on Sept 2, 2016.
             Slain by Grinder (5 damage)
             ... on level 3 of the Dungeon.
             The game lasted 00:06:27 (1752 turns).

esc the Shooter (Centaur Hunter)                    Turns: 1752, Time: 00:06:28

Health: -1/30      AC:  6    Str: 14    XL:     3   Next: 76%
Magic:  3/3        EV:  9    Int: 10    God:
Gold:   160        SH:  0    Dex: 10    Spells: 0 memorised, 2 levels left

rFire  . . .     SeeInvis .     b - +0 dagger (elec)
rCold  . . .     Gourm    .     c - +0 leather armour
rNeg   . . .     Faith    .     (no shield)
rPois  .         Spirit   .     n - +1 helmet
rElec  .         Dismiss  .     (no cloak)
rCorr  .         Reflect  .     (no gloves)
MR     .....     Harm     .     (no barding)
Stlth  +.........               (no amulet)
                                (no ring)
                                (no ring)

@: very quick
A: hooves 3, deformed body, speed 2, tough skin 3
a: no special abilities


You were on level 3 of the Dungeon.
You were not hungry.

You visited 1 branch of the dungeon, and saw 3 of its levels.

You collected 160 gold pieces.

Inventory:

Hand Weapons
 a - a +1 shortbow
 b - a +0 dagger of electrocution (weapon)
   (You took it off a kobold on level 1 of the Dungeon)
Missiles
 d - 45 arrows
 g - 92 stones (quivered)
 w - 6 needles of sleeping
 x - 5 poisoned needles
Armour
 c - a +0 leather armour (worn)
 n - a +1 helmet (worn)
   (You found it on level 1 of the Dungeon)
Scrolls
 h - a scroll of teleportation {unknown}
 l - a scroll of amnesia {unknown}
 p - a scroll of fog {unknown}
 q - a scroll of noise {unknown}
 r - 2 scrolls of magic mapping {unknown}
 t - a scroll of random uselessness {unknown}
 u - 5 scrolls of remove curse {unknown}
 y - 2 scrolls of enchant armour {unknown}
 B - a scroll of blinking {unknown}
Potions
 e - 3 potions of heal wounds
 m - 2 potions of flight {unknown}
 v - a potion of lignification {unknown}
 z - a potion of agility {unknown}
 A - a potion of might {unknown}
Comestibles
 f - 2 bread rations {@e1}
 i - a royal jelly
 k - 2 meat rations {@e2}
 o - a slice of pizza


   Skills:
 + Level 2.7 Fighting
 + Level 5.9 Bows
 + Level 2.2 Dodging
 - Level 0.5 Stealth


You had 2 spell levels left.
You didn't know any spells.

Dungeon Overview and Level Annotations

Branches:
Dungeon (3/15)

Altars:
Xom

Annotations:
D:2 Sigmund
D:3 Grinder


Innate Abilities, Weirdness & Mutations

You have hooves in place of feet.
Armour fits poorly on your strangely shaped body.
You cover ground very quickly.
You have extremely tough skin. (AC +3)


Message History

Aim: a worm (moderately wounded)
You shoot an arrow. The arrow hits the worm.
Aim: a worm (heavily wounded)
You shoot an arrow. The arrow hits the worm.
Aim: a worm (severely wounded)
You shoot an arrow.
The arrow hits the worm but does no damage.
Aim: a worm (severely wounded)
You shoot an arrow. The arrow hits the worm.
You kill the worm!
No target in view!
No target in view!
y - 2 scrolls labeled GAYZACUETO (gained 1) Some of the chunks of flesh in your inventory have rotted away.
d - 42 arrows (gained 1)
d - 44 arrows (gained 2)
d - 45 arrows (gained 1)
d - 47 arrows (gained 2)
You see here a short sword.
u - 5 scrolls labeled ROQETA PIEVOIT (gained 1)
k - 2 meat rations {@e2} (gained 1)
You open the door.
There is an open door here.
An orc comes into view. It is wielding a mace.
The orc shouts!
Aim: an orc, wielding a mace You shoot an arrow.
The arrow barely misses the orc.
Aim: an orc, wielding a mace You shoot an arrow.
The arrow closely misses the orc.
Aim: an orc, wielding a mace You shoot an arrow.
The arrow closely misses the orc.
Aim: an orc, wielding a mace You shoot an arrow.
The arrow hits the orc!
You kill the orc!
No target in view!
d - 44 arrows (gained 1)
Things that are here:
a mace; an orc corpse
d - 45 arrows (gained 1)
d - 46 arrows (gained 1)
d - 47 arrows (gained 1)
A quokka comes into view.
Aim: a quokka You shoot an arrow.
The arrow hits the quokka.
Aim: a quokka (lightly wounded)
You shoot an arrow. The arrow misses the quokka.
Aim: a quokka (lightly wounded)
You shoot an arrow. The arrow hits the quokka!
You kill the quokka!
No target in view!
No target in view!
d - 45 arrows (gained 1)
d - 46 arrows (gained 1)
d - 47 arrows (gained 1) All of the chunks of flesh in your inventory have rotted away.
Found a runed dagger.
Grinder comes into view.
Grinder shouts!
Grinder blinks!
You see here a runed dagger.
You are feeling hungry.
You start eating the beef jerky.
That beef jerky was delicious!
Grinder opens the door.
Aim: Grinder You shoot an arrow.
The arrow barely misses Grinder.
Grinder gestures at you. Pain shoots through your body!
You take 8 damage, and have 22/30 hp.
MASSIVE DAMAGE!!
Aim: Grinder You shoot an arrow.
The arrow hits Grinder.
You hear the crackle of electricity.
b - a +0 dagger of electrocution (weapon)
You hit Grinder but do no damage. Your kick misses Grinder. Grinder hits you.
You writhe in agony.
You take 9 damage, and have 13/30 hp.
MASSIVE DAMAGE!!
You closely miss Grinder. You kick Grinder. Grinder closely misses you.
You hit Grinder. Grinder hits you.
* * * LOW HITPOINT WARNING * * *
You take 4 damage, and have 9/30 hp.
It was a potion of heal wounds.
You feel much better. Grinder closely misses you.
Health restored: 30 You hit Grinder but do no damage.
Grinder hits you but does no damage.
You hit Grinder but do no damage.
There is a sudden explosion of sparks!
Grinder hits you.
You writhe in agony.
You take 7 damage, and have 23/30 hp.
MASSIVE DAMAGE!!
You barely miss Grinder. Grinder hits you.
You writhe in agony.
You take 7 damage, and have 16/30 hp.
MASSIVE DAMAGE!!
You barely miss Grinder. Grinder hits you.
You take 4 damage, and have 12/30 hp.
You closely miss Grinder. Grinder barely misses you.
You closely miss Grinder. You kick Grinder. Grinder hits you!
* * * LOW HITPOINT WARNING * * *
You writhe in agony.
You die...

........#.#########.#
#.........# #.#
#.........# #.#
#.........# #.#
#........## #.#
.###...)###### #.#
#......$..# #.#
##.......(#####.#
+........'5@.#.#
######........###.#.#
...........#........#
...........#.#....###
############ #.####
#.# #


You could see Grinder.

Vanquished Creatures
  An adder (D:1)
  An ooze (D:1)
  3 worms (D:3)
  A giant gecko (D:1)
  An orc (D:3)
  A ball python (D:1)
  A giant cockroach (D:1)
  5 goblins
  3 hobgoblins
  3 jackals (D:1)
  5 kobolds
  A quokka (D:3)
  3 giant newts
  5 rats
  A fungus (D:1)
35 creatures vanquished.

Notes
Turn   | Place    | Note
-------+----------+-------------------------------------------
     0 | D:1      | esc the Centaur Hunter began the quest for the Orb.
     0 | D:1      | Reached XP level 1. HP: 17/17 MP: 1/1
   389 | D:1      | Reached XP level 2. HP: 15/24 MP: 2/2
   932 | D:1      | Reached XP level 3. HP: 28/30 MP: 3/3
   978 | D:2      | Noticed Sigmund
  1066 | D:1      | Reached skill level 2 in Dodging
  1329 | D:3      | Found a shimmering altar of Xom.
  1351 | D:3      | Found a shimmering altar of Xom.
  1371 | D:3      | Found a shimmering altar of Xom.
  1374 | D:3      | Found a shimmering altar of Xom.
  1374 | D:3      | Found a shimmering altar of Xom.
  1383 | D:3      | Found a shimmering altar of Xom.
  1383 | D:3      | Found a shimmering altar of Xom.
  1709 | D:3      | Noticed Grinder
  1752 | D:3      | HP: 4/30 [Grinder (8)]
  1752 | D:3      | Slain by Grinder

Vault maps used:
D:1:      dpeg_arrival_prison, minmay_tree_intersection,
          minmay_gold_behind_fungi
D:2:      minmay_misc_feat_diagonals, uniq_iyjb, uniq_sigmund
D:3:      nicolae_xom_altar_mimics, uniq_grinder

Skill      XL: |  1  2  3 |
---------------+----------+-----
Dodging        | 2 |  2.2
Fighting       | |  2.7
Bows           | |  5.9
Stealth        | |  0.5

Action                   || total
-------------------------++-------
Melee: Short sword       ||    39
       Kick              ||    14
       Dagger            ||    34
 Fire: Shortbow          ||    98
  Use: Potion            ||     1
  Eat: Beef jerky        ||     1
       Chunk             ||     1
Armor: Leather armour    ||    19
Dodge: Dodged            ||    28

Vault maps used:
D:1:      dpeg_arrival_prison, minmay_tree_intersection,
          minmay_gold_behind_fungi
D:2:      minmay_misc_feat_diagonals, uniq_iyjb, uniq_sigmund
D:3:      nicolae_xom_altar_mimics, uniq_grinder

Table legend:
 A = Turns spent in this place as a percentage of turns spent in the entire game.
 B = Non-inter-level travel turns spent in this place as a percentage of non-inter-level travel turns spent in the entire game.
 C = Inter-level travel turns spent in this place as a percentage of turns spent in this place.
 D = Turns resting spent in this place as a percentage of non-inter-level travel turns spent in this place.
 E = Turns spent auto-exploring this place as a percentage of non-inter-level travel turns spent in this place.
 F = Non-inter-level travel turns spent in this place divided by the number of levels of this place that you've seen.
                   A       B       C       D       E      F
               +-------+-------+-------+-------+-------+----------------------
         Total | 100.0 | 100.0 |   0.6 |   0.7 |  11.3 | 179.3
       Dungeon | 100.0 | 100.0 |   0.6 |   0.7 |  11.3 | 179.3
               +-------+-------+-------+-------+-------+----------------------

Table legend:
 A = Kills in this place as a percentage of kills in entire the game.
 B = Kills by you in this place as a percentage of kills by you in the entire game.
 C = Kills by friends in this place as a percentage of kills by friends in the entire game.
 D = Other kills in this place as a percentage of other kills in the entire game.
 E = Experience gained in this place as a percentage of experience gained in the entire game.
 F = Experience gained in this place divided by the number of levels of this place that you have seen.
                   A       B       C       D       E      F
               +-------+-------+-------+-------+-------+----------------------
         Total | 100.0 | 100.0 |  -nan |  -nan | 100.0 |  28.0
       Dungeon | 100.0 | 100.0 |  -nan |  -nan | 100.0 |  28.0
               +-------+-------+-------+-------+-------+----------------------
